 Dungeon Crawl Stone Soup version 0.19.5 (webtiles) character file.

172 ozymandias0 the Shield-Bearer (level 5, -2/46 HPs)
             Began as a Hill Orc Fighter on Apr 10, 2017.
             Slain by a worker ant (3 damage)
             ... on level 3 of the Dungeon.
             The game lasted 00:24:45 (3083 turns).

ozymandias0 the Shield-Bearer (Hill Orc Fighter)    Turns: 3083, Time: 00:25:07

Health: -2/46      AC:  9    Str: 20    XL:     5   Next: 52%
Magic:  5/5        EV:  8    Int:  8    God:
Gold:   195        SH:  9    Dex: 10    Spells: 0 memorised, 4 levels left

rFire  . . .     SeeInvis .     a - +1 long sword
rCold  . . .     Gourm    .     b - +0 scale mail
rNeg   . . .     Faith    .     c - +0 shield
rPois  .         Spirit   .     (no helmet)
rElec  .         Reflect  .     h - +0 cloak
rCorr  .         Harm     .     (no gloves)
MR     .....                    l - +0 pair of boots
Stlth  ..........               (no amulet)
                                (no ring)
                                (no ring)

@: no status effects
A: no striking features
a: no special abilities


You were on level 3 of the Dungeon.
You were full.

You visited 1 branch of the dungeon, and saw 4 of its levels.

You collected 195 gold pieces.

Inventory:

Hand Weapons
 a - a +1 long sword (weapon)
Armour
 b - a +0 scale mail (worn)
 c - a +0 shield (worn)
 h - a +0 cloak (worn)
 i - a +0 chain mail
 l - a +0 pair of boots (worn)
Scrolls
 o - 3 scrolls of remove curse
Potions
 d - a potion of might
 e - a potion of resistance {unknown}
 j - a potion of flight {unknown}
 k - a potion of agility {unknown}
 n - 3 potions of curing {unknown}
Comestibles
 f - 3 bread rations
 g - 4 meat rations


   Skills:
 + Level 4.1 Fighting
 + Level 3.6 Long Blades
 + Level 4.0 Armour
 + Level 1.2 Dodging
 + Level 0.1 Stealth
 + Level 4.5 Shields


You had 4 spell levels left.
You didn't know any spells.

Dungeon Overview and Level Annotations

Branches:
Dungeon (4/15)
 Temple: D:4-7

Altars:


Message History

The worker ant bites you but does no damage.
You hit the worker ant.
The worker ant is moderately wounded.
You block the orc's attack. The worker ant barely misses you. The orc hits you.
* * * LOW HITPOINT WARNING * * *
You closely miss the worker ant.
The worker ant is moderately wounded.
The worker ant bites you.
* * * LOW HITPOINT WARNING * * *
You block the orc's attack. You block the worker ant's attack.
You closely miss the worker ant.
The worker ant is moderately wounded.
The worker ant closely misses you. You block the orc's attack.
You closely miss the worker ant.
The worker ant is moderately wounded.
The worker ant bites you but does no damage.
The orc hits you.
* * * LOW HITPOINT WARNING * * *
The worker ant bites you.
You die...

#.##.##......# #(#
#............# #(#
#..#.........###.#
#..####..........#
#............#####
#.######.......#
#.# #.....#.# #.#
#..ao.#.# #.#
#..@..#.#### #.#
###...#....# #.#
########.#########
#.# #...#........
#.#
###'###.#######
#.# #.......# # #
#.# #.......# # #
#.# #.......# # #
#.# #.......# ####


You could see a worker ant and an orc.

Vanquished Creatures
  Natasha (twice) (D:2)
  4 adders
  2 oozes
  A worm (D:3)
  2 dart slugs (D:2)
  6 leopard geckos
  6 orcs (D:3)
  A ball python (D:1)
  6 bats
  3 giant cockroaches
  5 hobgoblins
  4 jackals
  7 frilled lizards
  4 goblins (D:3)
  4 kobolds
  A leopard gecko skeleton (D:4)
  7 rats
65 creatures vanquished.

Notes
Turn   | Place    | Note
-------+----------+-------------------------------------------
     0 | D:1      | ozymandias0 the Hill Orc Fighter began the quest for the Orb.
     0 | D:1      | Reached XP level 1. HP: 19/19 MP: 1/1
   154 | D:1      | Reached XP level 2. HP: 24/27 MP: 2/2
  1123 | D:2      | Reached XP level 3. HP: 10/33 MP: 3/3
  1750 | D:2      | Noticed Natasha
  1759 | D:2      | Killed Natasha
  1759 | D:2      | Reached XP level 4. HP: 19/40 MP: 4/4
  1887 | D:2      | Noticed Natasha
  1900 | D:2      | Killed Natasha
  1900 | D:2      | Reached skill level 1 in Dodging
  1900 | D:2      | Reached XP level 5. HP: 13/46 MP: 5/5
  3083 | D:3      | HP: 1/46 [orc (2)]
  3083 | D:3      | Slain by a worker ant

Skill      XL: |  1  2  3  4  5 |
---------------+----------------+-----
Shields        | 4 |  4.5
Long Blades    | 3 |  3.6
Dodging        | 1 |  1.2
Armour         | 4 |  4.0
Fighting       | 4 |  4.1
Stealth        | |  0.1

Action                   |  1- 3 |  4- 6 || total
-------------------------+-------+-------++-------
Melee: Long sword        |   118 |   124 ||   242
  Use: Scroll            |     8 |       ||     8
  Eat: Beef jerky        |     1 |       ||     1
       Meat ration       |     1 |     1 ||     2
Armor: Scale mail        |    60 |    87 ||   147
Dodge: Dodged            |    32 |    50 ||    82
Block: Shield            |    65 |    80 ||   145
       Rpst.: Long sword |     9 |    15 ||    24
